 Dungeon Crawl Stone Soup version 0.30-a0-371-gad7725a93e (webtiles) character file.

Game seed: 15480159730628522654

81 Shayle the Trooper (level 4, 0/42 HPs)
             Began as a Naga Reaver on Nov 21, 2022.
             Killed by divine providence
             ... invoked by an orc priest
              (13 damage)
             ... on level 3 of the Dungeon.
             The game lasted 00:06:20 (1459 turns).

Shayle the Trooper (Naga Reaver)                    Turns: 1459, Time: 00:06:21

Health: 0/42       AC:  3    Str: 14    XL:     4   Next: 42%
Magic:  7/7        EV:  9    Int: 15    God:
Gold:   138        SH:  0    Dex: 10    Spells: 6/7 levels left

rFire   + . .      SeeInvis +    k - +3 whip (elec)
rCold   . . .      Faith    .    (no shield)
rNeg    . . .      Spirit   .    b - +0 leather armour
rPois   +          Reflect  .    (no helmet)
rElec   .          Harm     .    (no cloak)
rCorr   .          Rampage  .    m - +0 pair of gloves
Will    .....                    (no barding)
Stlth   +.........               (no amulet)
HPRegen 0.27/turn                r - ring of protection from fire
MPRegen 0.10/turn                (no ring)

@: about to teleport, very slow
A: AC +1, large, see invisible, deformed body, poison resistance, slowness 2,
spit poison 1, naga tail 1
a: Spit Poison


You were on level 3 of the Dungeon.
You visited 1 branch of the dungeon, and saw 3 of its levels.

You collected 138 gold pieces.

Inventory:

Hand Weapons
 a - a +0 hand axe
 d - a +2 vampiric short sword
 k - a +3 whip of electrocution (weapon)
Armour
 b - a +0 leather armour (worn)
 m - a +0 pair of gloves (worn)
Jewellery
 r - a ring of protection from fire (left hand)
Scrolls
 f - a scroll of identify
 h - a scroll of vulnerability
 i - 2 scrolls of immolation
 l - a scroll of torment {unknown}
 n - a scroll of magic mapping {unknown}
 s - a scroll of noise {unknown}
Potions
 e - a potion of cancellation {unknown}
 j - a potion of flight {unknown}
 o - 2 potions of might {unknown}
 p - a potion of brilliance {unknown}


   Skills:
 + Level 3.4 Fighting
 - Level 3.0 Axes
 + Level 2.8 Dodging
 - Level 2.0 Spellcasting
 - Level 3.0 Conjurations


You had 6 spell levels left.
You knew the following spells:

 Your Spells              Type           Power      Damage    Failure   Level
a - Kiss of Death         Conj/Necr      24%        2d7       16%         1

Your spell library contained the following spells:

 Spells                   Type           Power      Damage    Failure   Level
 Momentum Strike          Conj/Tloc      12%        3d8       22%         2
 Hailstorm                Conj/Ice       6%         3d4       41%         3


Dungeon Overview and Level Annotations

Branches:
Dungeon (2/15)

Altars:
Wu Jian


Innate Abilities, Weirdness & Mutations

Your serpentine skin is tough. (AC +1)
You have supernaturally acute eyesight. (SInv)
Armour fits poorly on your strangely shaped body.
Your system is resistant to poisons. (rPois)
You cover ground very slowly.
You can spit poison.
You have a snake-like lower body.


Message History

The giant cockroach bites you but does no damage.
The giant cockroach bites you.
You see here a frilled lizard corpse.
The giant cockroach attacks as you move away!
The giant cockroach closely misses you.
An orc comes into view. It is wielding a +0 mace.
Found a club.
The giant cockroach bites you but does no damage.
The orc hits you but does no damage.
The giant cockroach bites you but does no damage.
As you read the scroll labelled ACUITUJIEX, it crumbles to dust.
The creatures around you are filled with an inner flame!
It was a scroll of immolation.
The orc hits you with a +0 mace.
The giant cockroach bites you but does no damage.
As you read the scroll labelled ZASCHA SEPO, it crumbles to dust.
It is a scroll of identify.
h - a scroll of vulnerability The orc hits you with a +0 mace.
The giant cockroach bites you.
As you read the scroll labelled GEIKHL ISMUGHIW, it crumbles to dust.
It is a scroll of enchant weapon.
Your +2 whip of electrocution glows red for a moment.
The orc hits you with a +0 mace. The orc barely misses you.
The giant cockroach bites you.
As you read the scroll labelled DENACV KEVIUSH, it crumbles to dust.
You feel strangely unstable.
It was a scroll of teleportation.
The giant cockroach completely misses you.
The orc hits you with a +0 flail!
* * * LOW HITPOINT WARNING * * *
The orc hits you with a +0 mace.
* * * LOW HITPOINT WARNING * * *
You feel much better.
The giant cockroach bites you but does no damage.
The orc priest calls down the wrath of Beogh upon you.
Beogh smites you! The orc closely misses you.
The giant cockroach bites you but does no damage.
Unknown command.
Found 5 javelins.
Found a stone staircase leading down.
The orc priest mumbles some strange prayers to Beogh against you.
Beogh smites you!
You die...

#...............#.#
#.....##...##.....#
###..###...####.#.# #.#
#.#.....†..# #.
#.#.##.#.#.###..
###.####.#.##.#........
.......................
###......o.##...#..#...
>......@oBo†o..........
#####..#.####......#.#.
.....#o#.o.......#...
####....#o##o.........
#.##.# #..(...... ..
).. #..#.####. .#. ###
#o:#... (#. .... #w.
#..# ...


You could see an orc priest, an orc wizard, 3 orcs and a giant cockroach (inner
flame).

Vanquished Creatures
  An adder (D:2)
  3 worms
  3 dart slugs
  8 endoplasms
  3 giant cockroaches
  9 goblins
  3 hobgoblins
  A quokka (D:1)
  3 ball pythons (D:1)
  3 bats
  3 frilled lizards
  8 kobolds
  8 rats
56 creatures vanquished.

Notes
Turn   | Place    | Note
-------+----------+-------------------------------------------
     0 | D:1      | Shayle the Naga Reaver began the quest for the Orb.
     0 | D:1      | Reached XP level 1. HP: 19/19 MP: 3/3
    91 | D:1      | Reached XP level 2. HP: 16/27 MP: 5/5
   328 | D:1      | Reached XP level 3. HP: 32/33 MP: 6/6
  1093 | D:2      | Reached XP level 4. HP: 40/42 MP: 7/7
  1330 | D:2      | You fall into a shaft and drop 1 floor!
  1330 | D:3      | Found an ornate altar of the Wu Jian Council.
  1457 | D:3      | HP: 2/42 [orc/+0 mace (5)]
  1459 | D:3      | Killed from afar by an orc priest

Illustrated notes

Levels and vault maps discovered:
D:1:      amcnicky_arrival_blooded_trapdoor, layout_basic
D:2:      layout_basic
D:3:      layout_basic, mainiacjoe_overflow_paths, uniq_robin,
          uniq_crazy_yiuf_cottage

Skill      XL: |  1  2  3 |
---------------+----------+-----
Dodging        | 2 |  2.8
Fighting       | 3 |  3.4
Axes           | |  3.0
Spellcasting   | |  2.0
Conjurations   | |  3.0

Action                   |  1- 3 |  4- 6 || total
-------------------------+-------+-------++-------
Melee: Hand axe          |    43 |       ||    43
       Punch             |     2 |       ||     2
       Short sword       |     5 |       ||     5
       Whip              |    29 |    27 ||    56
 Abil: Spit Poison       |    18 |     7 ||    25
  Use: Potion            |     2 |     1 ||     3
       Scroll            |       |     4 ||     4
Armor: Leather armour    |    15 |    21 ||    36
Dodge: Dodged            |    38 |    20 ||    58

Table legend: (Time is in decaauts)
 A = Elapsed time spent in this place.
 B = Non-inter-level travel time spent in this place.
 C = Inter-level travel time spent in this place.
 D = Time resting spent in this place.
 E = Time spent auto-exploring this place.
 F = Levels seen in this place.
 G = Mean time per level.
                   A        B        C        D        E       F      G
               +--------+--------+--------+--------+--------+-----+--------+
         Total |   1878 |   1850 |     28 |      0 |   1329 |   3 |  626.0 |
       Dungeon |   1878 |   1850 |     28 |      0 |   1329 |   3 |  626.0 |
               +--------+--------+--------+--------+--------+-----+--------+

Top non-repeatable levels by time:
     D:1: 867 daAuts
     D:2: 849 daAuts
     D:3: 160 daAuts
